 Dungeon Crawl Stone Soup version 0.22-a0-443-g17c3723 (webtiles) character file.

12896 xccam the Nimble (level 12, -8/96 HPs)
             Began as a Gnoll Monk on June 1, 2018.
             Was an Initiate of Gozag.
             Killed from afar by a raiju (20 damage)
             ... with a living lightning
             ... on level 12 of the Dungeon.
             The game lasted 00:22:59 (13964 turns).

xccam the Nimble (Gnoll Monk)                      Turns: 13964, Time: 00:23:01

Health: -8/96      AC: 15    Str: 18    XL:     12   Next: 0%
Magic:  22/22      EV: 11    Int: 13    God:    Gozag
Gold:   2087       SH: 11    Dex: 18    Spells: 24/24 levels left

rFire    . . .     SeeInvis .   u - +1 war axe (freeze)
rCold    . . .     Gourm    .   b - +0 shield
rNeg     + . .     Faith    .   k - +0 chain mail
rPois    .         Spirit   .   (no helmet)
rElec    .         Reflect  .   (no cloak)
rCorr    .         Harm     .   n - +2 pair of gloves
MR       .....                  m - +0 pair of boots
Stlth    +.........             (no amulet)
HPRegen  0.26/turn              y - ring of positive energy
MPRegen  0.18/turn              f - +3 ring of slaying

@: about to teleport
A: distributed training, fangs 1, strong nose
a: Potion Petition, Call Merchant, Bribe Branch, Renounce Religion


You were on level 12 of the Dungeon.
You worshipped Gozag.
Gozag was most pleased with you.
You were hungry.

You visited 2 branches of the dungeon, and saw 13 of its levels.
You also visited: Ossuary and Ice Cave.

You collected 2087 gold pieces.

Inventory:

Hand Weapons
 r - a +0 flail
 u - a +1 war axe of freezing (weapon)
 B - a +2 glaive of flaming
Missiles
 i - 6 javelins (quivered)
Armour
 b - a +0 shield (worn)
 k - a +0 chain mail (worn)
 m - a +0 pair of boots (worn)
 n - a +2 pair of gloves (worn)
 v - a +0 plate armour
Jewellery
 f - a +3 ring of slaying (right hand)
 y - a ring of positive energy (left hand)
 E - an uncursed ring of fire
 L - an uncursed ring of fire
 M - an uncursed ring of positive energy
Wands
 D - a wand of iceblast (11)
 I - a wand of acid (4)
 J - a wand of disintegration (21)
Scrolls
 a - 4 scrolls of fear
 e - 10 scrolls of remove curse
 g - a scroll of noise {unknown}
 h - 7 scrolls of teleportation
 l - a scroll of amnesia
 p - a scroll of fog {unknown}
 q - a scroll of silence {unknown}
 s - 3 scrolls of enchant armour {unknown}
 t - 5 scrolls of enchant weapon
 w - 3 scrolls of immolation
 F - a scroll of magic mapping
 K - a scroll of torment {unknown}
 O - a scroll of blinking
Potions
 d - a potion of mutation
 j - 2 potions of flight
 o - 2 potions of lignification {unknown}
 x - 2 potions of haste
 z - 5 potions of curing
 A - 2 potions of brilliance {unknown}
 C - a potion of invisibility
 G - 2 potions of berserk rage {unknown}
 H - 3 potions of magic
 N - a potion of ambrosia {unknown}
Comestibles
 c - 9 rations


   Skills:
 + Level 9.4 Fighting
 + Level 6.7 Short Blades
 + Level 6.7 Long Blades
 + Level 6.7 Axes
 + Level 9.4 Maces & Flails
 + Level 6.7 Polearms
 + Level 6.7 Staves
 + Level 6.7 Slings
 + Level 6.7 Bows
 + Level 6.7 Crossbows
 + Level 6.7 Throwing
 + Level 6.7 Armour
 + Level 9.4 Dodging
 + Level 8.0 Stealth
 + Level 6.7 Shields
 + Level 6.7 Unarmed Combat
 + Level 6.7 Spellcasting
 + Level 5.5 Conjurations
 + Level 5.5 Hexes
 + Level 5.5 Charms
 + Level 5.5 Summonings
 + Level 5.5 Necromancy
 + Level 5.5 Translocations
 + Level 5.5 Transmutations
 + Level 5.5 Fire Magic
 + Level 5.5 Ice Magic
 + Level 5.5 Air Magic
 + Level 5.5 Earth Magic
 + Level 5.5 Poison Magic
 + Level 7.3 Invocations
 + Level 6.7 Evocations


You had 24 spell levels left.
You didn't know any spells.
Your spell library contained the following spells:

 Spells                   Type           Power        Failure   Level  Hunger
 Animate Dead             Necr           N/A          99%         4    ####...
 Pain                     Necr           ###.         43%         1    None
 Animate Skeleton         Necr           N/A          43%         1    None
 Vampiric Draining        Necr           ###.......   82%         3    ###....
 Regeneration             Chrm/Necr      ###.......   82%         3    ###....


Dungeon Overview and Level Annotations

Branches:
Dungeon (12/15)            Temple (1/1) D:5            Lair (0/6) D:9
    Orc (0/2) D:12

Altars:
Ashenzari
Cheibriados
Dithmenos
Elyvilon
Fedhas
Gozag
Hepliaklqana
Kikubaaqudgha
Makhleb
Nemelex Xobeh
Okawaru
Qazlal
Ru
Sif Muna
Trog
Uskayaw
Vehumet
Wu Jian
Xom
Yredelemnul
Zin
The Shining One

Shops:
D:7 %

Portals:
Trove: D:11 (give +5 demon trident)


Innate Abilities, Weirdness & Mutations

Your experience applies equally to all skills.
You have very sharp teeth.
Your uncanny sense of smell can sniff out nearby items.


Message History

You block the purple ugly thing's attack.
The raiju bites you but does no damage.
Unknown command.
You slash the purple ugly thing! You freeze the purple ugly thing.
The purple ugly thing is severely wounded.
You slash the raiju! You freeze the raiju.
The purple ugly thing stings you but does no damage.
The raiju bursts into living lightning!
The living lightning hits you!
* * * LOW HITPOINT WARNING * * *
The living lightning hits you!
* * * LOW HITPOINT WARNING * * *
The raiju blinks!
As you read the scroll of teleportation, it crumbles to dust.
You feel strangely unstable.
You block the purple ugly thing's attack.
The raiju bursts into living lightning!
The living lightning hits you!
You die...
Your body crumbles into a pile of gold.

.... h# #...# . ...#
## .#..# . .. ###
...# #.#
#.###h###.###...
#...#.#cc....#.#
#...uhcT.....##
##ยง@###(###....
#..(## #(# ......
#..#####.##......
#.......((u....=...
...#.....?c......#..
..(.#......(........
#.. #.......T.....#
#...#......(......#
#...#.######.#....#
..


You could see a purple ugly thing, a centaur warrior, a troll, 2 raiju and 2
centaurs.

Vanquished Creatures
  3 two-headed ogres
  The ghost of Pawles22 the Grappler, a novice MiMo (D:9)
  An unseen horror (D:11)
  The ghost of VincentAMV the Cudgeler, a novice TrFi of Makhleb (D:6)
  An ugly thing (D:10)
  A kobold demonologist (D:10)
  2 trolls
  A polar bear (IceCv)
  A hornet (D:8)
  Prince Ribbit (D:7)
  2 slime creatures (D:10)
  3 hippogriffs
  2 wyverns
  2 wraiths
  4 yaks
  2 steam dragons (D:6)
  3 vampire mosquitoes (D:11)
  A water moccasin (D:8)
  A black bear (D:6)
  6 orc warriors
  A hornet zombie (D:10)
  3 ogres
  An eye of draining (D:11)
  A wolf (IceCv)
  A phantom (D:7)
  7 centaurs
  2 big kobolds
  An elf zombie (Ossuary)
  6 bullfrogs
  3 scorpions
  A howler monkey (D:4)
  3 crimson imps
  A bullfrog zombie (D:11)
  3 centaur zombies
  A quasit (D:8)
  5 hounds
  A human zombie (Ossuary)
  3 bullfrog skeletons
  2 centaur skeletons
  An orc priest (D:3)
  4 jellies
  6 iguanas
  Jessica (D:3)
  4 orc wizards
  5 worker ants
  A big kobold zombie (Ossuary)
  3 mummies (Ossuary)
  A worker ant zombie (D:6)
  3 gnolls (D:8)
  A howler monkey skeleton (D:4)
  17 adders
  5 shadow imps
  2 oozes
  An adder zombie (D:5)
  An adder skeleton (D:4)
  A dart slug (D:4)
  A worm (D:4)
  A leopard gecko (D:1)
  42 orcs
  3 giant cockroaches
  6 goblins
  7 hobgoblins
  2 jackals (D:6)
  13 kobolds
  A quokka (D:4)
  A ball python (D:1)
  4 bats (D:1)
  8 frilled lizards
  2 goblin zombies (Ossuary)
  2 hobgoblin zombies (Ossuary)
  4 kobold zombies (Ossuary)
  A leopard gecko skeleton (D:5)
  6 rats
  A spectral orc (D:4)
  4 fungi (D:9)
  2 plants (D:9)
  2 withered plants (D:8)
255 creatures vanquished.

Vanquished Creatures (others)
  A polar bear (IceCv)
  2 yaks (IceCv)
  A wolf (IceCv)
  A fungus (D:6)
  A withered plant (D:8)
6 creatures vanquished.

Grand Total: 261 creatures vanquished

Notes
Turn   | Place    | Note
-------+----------+-------------------------------------------
     0 | D:1      | xccam the Gnoll Monk began the quest for the Orb.
     0 | D:1      | Reached XP level 1. HP: 23/23 MP: 1/1
   282 | D:1      | Reached XP level 2. HP: 29/29 MP: 2/2
   462 | D:1      | Reached XP level 3. HP: 33/35 MP: 3/3
   928 | D:2      | Reached skill level 1 in Invocations
  1655 | D:3      | Reached skill level 1 in Short Blades
  1655 | D:3      | Reached skill level 1 in Long Blades
  1655 | D:3      | Reached skill level 1 in Axes
  1655 | D:3      | Reached skill level 1 in Polearms
  1655 | D:3      | Reached skill level 1 in Staves
  1655 | D:3      | Reached skill level 1 in Slings
  1655 | D:3      | Reached skill level 1 in Bows
  1655 | D:3      | Reached skill level 1 in Crossbows
  1655 | D:3      | Reached skill level 1 in Throwing
  1655 | D:3      | Reached skill level 1 in Armour
  1655 | D:3      | Reached skill level 1 in Shields
  1655 | D:3      | Reached skill level 1 in Unarmed Combat
  1655 | D:3      | Reached skill level 1 in Spellcasting
  1655 | D:3      | Reached skill level 1 in Evocations
  1655 | D:3      | Reached XP level 4. HP: 15/41 MP: 5/5
  1811 | D:3      | You fall through a shaft!
  1822 | D:4      | Reached skill level 1 in Conjurations
  1822 | D:4      | Reached skill level 1 in Hexes
  1822 | D:4      | Reached skill level 1 in Charms
  1822 | D:4      | Reached skill level 1 in Summonings
  1822 | D:4      | Reached skill level 1 in Necromancy
  1822 | D:4      | Reached skill level 1 in Translocations
  1822 | D:4      | Reached skill level 1 in Transmutations
  1822 | D:4      | Reached skill level 1 in Fire Magic
  1822 | D:4      | Reached skill level 1 in Ice Magic
  1822 | D:4      | Reached skill level 1 in Air Magic
  1822 | D:4      | Reached skill level 1 in Earth Magic
  1822 | D:4      | Reached skill level 1 in Poison Magic
  1832 | D:4      | Reached XP level 5. HP: 36/47 MP: 5/7
  2045 | D:3      | Noticed Jessica
  2052 | D:3      | Killed Jessica
  2375 | D:3      | Found a shadowy altar of Dithmenos.
  2390 | D:3      | Reached XP level 6. HP: 48/53 MP: 8/8
  2599 | D:4      | Found a radiant altar of Vehumet.
  2831 | D:4      | Found a basalt altar of Yredelemnul.
  2924 | D:5      | Entered Level 5 of the Dungeon
  3008 | D:5      | Found a white marble altar of Elyvilon.
  3049 | D:5      | Found a shattered altar of Ashenzari.
  3053 | D:5      | Found a staircase to the Ecumenical Temple.
  3064 | D:5      | Reached XP level 7. HP: 40/59 MP: 10/10
  3086 | D:5      | Got a smoking robe
  3091 | D:5      | Identified the +2 robe "Gaeg" {rF+} (You took it off a centaur on level 5 of the Dungeon)
  3172 | Temple   | Entered the Ecumenical Temple
  3292 | Temple   | Became a worshipper of Gozag Ym Sagoz the Greedy
  3617 | D:6      | Reached skill level 5 in Stealth
  3673 | D:6      | Noticed a steam dragon
  3674 | D:6      | Noticed a steam dragon
  3690 | D:6      | Killed a steam dragon
  3690 | D:6      | Reached XP level 8. HP: 41/67 MP: 10/12
  4189 | D:6      | Noticed VincentAMV's ghost (novice TrFi)
  4211 | D:6      | Killed VincentAMV's ghost
  4211 | D:6      | Reached XP level 9. HP: 22/72 MP: 12/14
  4876 | D:7      | Found Aroali's Food Boutique.
  4921 | D:7      | Found a glowing silver altar of Zin.
  4933 | D:7      | Noticed Prince Ribbit
  5944 | D:7      | Killed Prince Ribbit
  6274 | D:8      | Found a sand-covered staircase.
  6292 | Ossuary  | Entered an ossuary
  6835 | D:8      | Reached skill level 5 in Invocations
  6999 | D:8      | Noticed a two-headed ogre
  7012 | D:8      | Killed a two-headed ogre
  7012 | D:8      | Reached XP level 10. HP: 8/80 MP: 17/17
  7378 | D:8      | Reached skill level 5 in Short Blades
  7378 | D:8      | Reached skill level 5 in Long Blades
  7378 | D:8      | Reached skill level 5 in Axes
  7378 | D:8      | Reached skill level 5 in Polearms
  7378 | D:8      | Reached skill level 5 in Staves
  7378 | D:8      | Reached skill level 5 in Slings
  7378 | D:8      | Reached skill level 5 in Bows
  7378 | D:8      | Reached skill level 5 in Crossbows
  7378 | D:8      | Reached skill level 5 in Throwing
  7378 | D:8      | Reached skill level 5 in Armour
  7378 | D:8      | Reached skill level 5 in Shields
  7378 | D:8      | Reached skill level 5 in Unarmed Combat
  7378 | D:8      | Reached skill level 5 in Spellcasting
  7378 | D:8      | Reached skill level 5 in Evocations
  7531 | D:8      | Found an ancient bone altar of Kikubaaqudgha.
  7924 | D:8      | Noticed a two-headed ogre
  7930 | D:8      | Killed a two-headed ogre
  7990 | D:8      | Paralysed by a hornet for 1 turns
  8545 | D:9      | Found a staircase to the Lair.
  8680 | D:9      | Noticed Pawles22's ghost (novice MiMo)
  8698 | D:9      | Killed Pawles22's ghost
  9094 | D:9      | Reached XP level 11. HP: 84/87 MP: 19/19
  9783 | D:10     | Entered Level 10 of the Dungeon
 10615 | D:10     | HP: 2/89 [slime creature (7)]
 11101 | D:10     | Noticed a soul eater
 11101 | D:10     | Reached skill level 5 in Conjurations
 11101 | D:10     | Reached skill level 5 in Hexes
 11101 | D:10     | Reached skill level 5 in Charms
 11101 | D:10     | Reached skill level 5 in Summonings
 11101 | D:10     | Reached skill level 5 in Necromancy
 11101 | D:10     | Reached skill level 5 in Translocations
 11101 | D:10     | Reached skill level 5 in Transmutations
 11101 | D:10     | Reached skill level 5 in Fire Magic
 11101 | D:10     | Reached skill level 5 in Ice Magic
 11101 | D:10     | Reached skill level 5 in Air Magic
 11101 | D:10     | Reached skill level 5 in Earth Magic
 11101 | D:10     | Reached skill level 5 in Poison Magic
 11479 | D:10     | Killed a titanic slime creature
 11604 | D:11     | Noticed a white ugly thing
 11607 | D:11     | Found a frozen archway.
 11618 | IceCv    | Entered an ice cave
 11995 | IceCv    | HP: 3/89 [something (14)]
 12647 | D:10     | Killed a white ugly thing
 13255 | D:11     | Killed an unseen horror
 13667 | D:11     | Noticed a two-headed ogre
 13673 | D:11     | Killed a two-headed ogre
 13689 | D:11     | Reached XP level 12. HP: 74/96 MP: 17/22
 13706 | D:11     | Found a portal to a secret trove of treasure.
 13918 | D:12     | Found a staircase to the Orcish Mines.
 13934 | D:12     | Noticed a centaur warrior
 13964 | D:12     | Killed from afar by a raiju

Vault maps used:
D:1:      dpeg_arrival_connections, serial_bayou_pond_a
D:2:      first_ration
D:3:      nicolae_dithmenos_shadow_blocks, uniq_jessica
D:4:      yredelemnul_forgotten_temple_becter, fiery_altar_vehumet
D:5:      old_standard_altar, minmay_temple_entry_large_hall, basic_altar
D:6:      kennysheep_steamy, minivault_27
D:7:      old_standard_altar, serial_shops, shop, uniq_prince_ribbit1
D:8:      wad_crossroads, kiku_gazebo_garden_becter,
          chequers_ossuary_entry_cave, grunt_pizzeria
D:9:      grunt_lair_entry_orc_guard_hut, kennysheep_generic_room_15
D:11:     enter_trove_0, portal_ice_cave_entry_pillars_2
D:12:     minmay_shoctagon, orc_0_dummy, minivault_25_ag
Temple:   nicolae_temple_elliptical
Ossuary:  ossuary_kennysheep_city_of_the_dead
IceCv:    ice_cave_caverns_02

Skill      XL: |  1  2  3  4  5  6  7  8  9 10 11 |
---------------+----------------------------------+-----
Invocations    | 1 2 3 4 5 6 7 |  7.3
Short Blades   | 1 2 3 4 5 6 |  6.7
Long Blades    | 1 2 3 4 5 6 |  6.7
Axes           | 1 2 3 4 5 6 |  6.7
Polearms       | 1 2 3 4 5 6 |  6.7
Staves         | 1 2 3 4 5 6 |  6.7
Slings         | 1 2 3 4 5 6 |  6.7
Bows           | 1 2 3 4 5 6 |  6.7
Crossbows      | 1 2 3 4 5 6 |  6.7
Throwing       | 1 2 3 4 5 6 |  6.7
Armour         | 1 2 3 4 5 6 |  6.7
Shields        | 1 2 3 4 5 6 |  6.7
Unarmed Combat | 1 2 3 4 5 6 |  6.7
Spellcasting   | 1 2 3 4 5 6 |  6.7
Evocations     | 1 2 3 4 5 6 |  6.7
Conjurations   | 1 2 3 4 5 |  5.5
Hexes          | 1 2 3 4 5 |  5.5
Charms         | 1 2 3 4 5 |  5.5
Summonings     | 1 2 3 4 5 |  5.5
Necromancy     | 1 2 3 4 5 |  5.5
Translocations | 1 2 3 4 5 |  5.5
Transmutations | 1 2 3 4 5 |  5.5
Fire Magic     | 1 2 3 4 5 |  5.5
Ice Magic      | 1 2 3 4 5 |  5.5
Air Magic      | 1 2 3 4 5 |  5.5
Earth Magic    | 1 2 3 4 5 |  5.5
Poison Magic   | 1 2 3 4 5 |  5.5
Fighting       | 7 8 9 |  9.4
Maces & Flails | 7 8 9 |  9.4
Dodging        | 7 8 9 |  9.4
Stealth        | 5 6 7 8 |  8.0

Action                   |  1- 3 |  4- 6 |  7- 9 | 10-12 || total
-------------------------+-------+-------+-------+-------++-------
Melee: Mace              |    93 |     6 |       |       ||    99
       Bite              |     4 |    17 |    60 |    66 ||   147
       Flail             |       |   136 |   267 |       ||   403
       Punch             |       |     1 |     9 |       ||    10
       War axe           |       |       |   128 |   388 ||   516
Throw: Javelin           |       |       |     4 |       ||     4
Evoke: Wand              |       |       |       |    17 ||    17
  Use: Potion            |       |     2 |     8 |     5 ||    15
       Scroll            |       |       |    14 |     4 ||    18
 Stab: Sleeping          |     8 |     6 |     1 |       ||    15
       Distracted        |       |       |     1 |     5 ||     6
       Paralysed         |       |       |       |    18 ||    18
  Eat: Chunk             |     1 |     6 |     1 |       ||     8
       Ration            |       |       |     4 |     6 ||    10
Armor: Robe              |     6 |       |       |       ||     6
       Ring mail         |     3 |    52 |    24 |       ||    79
       Chain mail        |       |       |   119 |   213 ||   332
Dodge: Dodged            |    83 |   109 |   233 |   175 ||   600
Block: Shield            |       |       |    65 |   250 ||   315

Table legend:
 A = Spawn XP
 B = Non-spawn XP
 C = Spawn XP percentage of total XP
 D = Spawn monster count
 E = Non-spawn monster count
 F = Spawn count percentage of total count
 G = Total turns spent on level
                    A         B        C        D         E        F      G
               +---------+---------+-------+---------+---------+-------+---------
         Total |       0 |   18423 |   0.0 |       0 |     249 |   0.0 | 13964
               +---------+---------+-------+---------+---------+-------+---------
           D:1 |       0 |      51 |   0.0 |       0 |      29 |   0.0 |   910
           D:2 |       0 |      17 |   0.0 |       0 |       4 |   0.0 |   722
           D:3 |       0 |     146 |   0.0 |       0 |      19 |   0.0 |   754
           D:4 |       0 |     241 |   0.0 |       0 |      15 |   0.0 |   538
           D:5 |       0 |     395 |   0.0 |       0 |      16 |   0.0 |   417
           D:6 |       0 |    1822 |   0.0 |       0 |      17 |   0.0 |  1351
           D:7 |       0 |     840 |   0.0 |       0 |      14 |   0.0 |  1399
           D:8 |       0 |    3429 |   0.0 |       0 |      42 |   0.0 |  1731
           D:9 |       0 |    2613 |   0.0 |       0 |      18 |   0.0 |  2001
          D:10 |       0 |    3785 |   0.0 |       0 |      27 |   0.0 |  1740
          D:11 |       0 |    3663 |   0.0 |       0 |      25 |   0.0 |  1139
          D:12 |       0 |      14 |   0.0 |       0 |       1 |   0.0 |    46
       Ossuary |       0 |     420 |   0.0 |       0 |      15 |   0.0 |   433
         IceCv |       0 |     987 |   0.0 |       0 |       7 |   0.0 |   642
               +---------+---------+-------+---------+---------+-------+---------
